 Dungeon Crawl Stone Soup version 0.28-a0-479-g5baa6b73be (webtiles) character file.

Game seed: 9643675849640517270

42 Conn the Firebug (level 3, -2/21 HPs)
             Began as an Octopode Fire Elementalist on Sept 18, 2021.
             Slain by a hobgoblin (5 damage)
             ... on level 2 of the Dungeon.
             The game lasted 00:07:15 (2244 turns).

Conn the Firebug (Octopode Fire Elementalist)       Turns: 2244, Time: 00:07:15

Health: -2/21      AC:  1    Str:  7    XL:     3   Next: 54%
Magic:  2/6        EV: 13    Int: 18    God:
Gold:   19         SH:  0    Dex: 12    Spells: 0/7 levels left

rFire   + . .      SeeInvis .   h - +2 short sword (holy)
rCold   . . .      Faith    .   (no shield)
rNeg    . . .      Spirit   .   (helmet restricted)
rPois   .          Reflect  .   (no amulet)
rElec   .          Harm     .   e - ring of protection from fire
rCorr   .          Rampage  .   (no ring)
Will    .....                   (no ring)
Stlth   +++.......              (no ring)
HPRegen 0.07/turn               (no ring)
MPRegen 0.10/turn               (no ring)
                                (no ring)
                                (no ring)

@: weak-willed, on berserk cooldown, slowed, very slow
A: almost no armour, amphibious, 8 rings, camouflage 1, gelatinous body 1,
(nimble swimmer 1), tentacles
a: no special abilities


You were on level 2 of the Dungeon.
You visited 1 branch of the dungeon, and saw 2 of its levels.

You collected 19 gold pieces.

Inventory:

Hand Weapons
 g - a +0 dagger
 h - a +2 short sword of holy wrath (weapon)
Armour
 c - a +0 buckler
Jewellery
 e - a ring of protection from fire (left tentacle)
Scrolls
 f - a scroll of summoning {unknown}
 i - a scroll of magic mapping {unknown}
 k - a scroll of enchant armour {unknown}


   Skills:
 + Level 2.1 Dodging
 + Level 2.9 Stealth
 + Level 2.6 Spellcasting
 + Level 1.4 Conjurations
 + Level 3.6 Fire Magic


You couldn't memorise any spells.
You knew the following spells:

 Your Spells              Type           Power      Damage    Failure   Level
a - Foxfire               Conj/Fire      44%        2x1d6     6%          1
b - Conjure Flame         Conj/Fire      11%        6-21      19%         3
c - Inner Flame           Hex/Fire       8%         N/A       24%         3

Your spell library contained the following spells:

 Spells                   Type           Power      Damage    Failure   Level
 Scorch                   Fire           30%        2d7       6%          2
 Flame Wave               Conj/Fire      11%        3d4       52%         4


Dungeon Overview and Level Annotations

Branches:
Dungeon (2/15)

Altars:

Annotations:
D:2 Terence


Innate Abilities, Weirdness & Mutations

You cannot wear most types of armour.
You are amphibious.
You can wear up to eight rings at the same time.
Your skin changes colour to match your surroundings (Stealth+).
Your rubbery body absorbs attacks. (AC +1, EV +1)
((You are camouflaged near water. (Stealth+)))
You have tentacles for arms and can constrict up to eight enemies at once.


Message History

You miscast Conjure Flame.
You are very lightly contaminated with residual magic.
Nothing appears to happen.
Terence shouts!
Terence screams, "I'm going to kill you!"
Casting: Conjure Flame (extremely dangerous; 19% risk of failure)
Confirm with . or Enter, or press ? or * to list all spells.
The spell is extremely dangerous to cast (19% risk of failure)!
Continue anyway?
The fire begins to smoulder!
The fire ignites!
Unknown command.
Unknown command.
Your magical contamination has completely faded away.
It was a potion of berserk rage.
A red film seems to cover your vision as you go berserk!
You feel yourself moving faster!
You feel mighty!
You feel a strong urge to attack something.
Terence asks, "Do you want it fast or slow?"
You feel your anger nearly subside.
You are too berserk!
You are no longer berserk.
You are exhausted.
You feel yourself slow down.
It was a potion of curing.
You feel better.
This is a scroll of acquirement!
Something appears before you! Terence hits you with a +0 mace.
You aren't carrying any potions.
Terence hits you with a +0 mace!
* * * LOW HITPOINT WARNING * * *
The hobgoblin shouts!
The hobgoblin closely misses you. The hobgoblin hits you.
* * * LOW HITPOINT WARNING * * *
Terence misses you.
You aren't carrying any potions.
Okay, then.
You aren't carrying any potions.
As you read the scroll labelled QUZIAP IRU, it crumbles to dust.
Magic quickly surges around you.
It was a scroll of vulnerability.
The hobgoblin hits you.
You die...

#..
#.#........... #
#.##......###...
# #.....†...# #..
#......#'## #.#
#......#.####.###
#......#..=.....#
#......#......#.#
#..###)#.######.#
###.###.#@g@..# #
..........###.# #
##....#.#.# # #
#....#.#.# #
#....#.#.# #
####.#.... #
#.###.# # ..##.#
# #.##.#


You could see Terence (weak-willed) and a hobgoblin (weak-willed).

Vanquished Creatures
  An adder (D:2)
  A worm (D:2)
  2 giant cockroaches (D:1)
  A goblin (D:1)
  3 hobgoblins
  4 jackals (D:1)
  3 kobolds
  3 quokkas (D:1)
  5 bats (D:1)
  3 frilled lizards
  A rat (D:2)
27 creatures vanquished.

Vanquished Creatures (others)
  46 foxfires
46 creatures vanquished.

Grand Total: 73 creatures vanquished

Notes
Turn   | Place    | Note
-------+----------+-------------------------------------------
     0 | D:1      | Conn the Octopode Fire Elementalist began the quest for the
                  | Orb.
     0 | D:1      | Reached XP level 1. HP: 11/11 MP: 3/3
   171 | D:1      | Reached XP level 2. HP: 7/17 MP: 0/5
   752 | D:1      | Found a faded altar of an unknown god.
  1108 | D:1      | Reached XP level 3. HP: 21/21 MP: 6/6
  1382 | D:2      | Noticed Terence
  1470 | D:2      | Learned a level 3 spell: Conjure Flame
  1474 | D:2      | Learned a level 3 spell: Inner Flame
  2239 | D:2      | Identified a scroll of acquirement
  2239 | D:2      | Acquired the ring "Dokh" {rElec Will+ Str-5 Int+6}
  2244 | D:2      | Slain by a hobgoblin

Illustrated notes

Levels and vault maps discovered:
D:1:      tarquinn_simple_flora_water_f, layout_basic,
          hellmonk_ecumenical_altar_inner_sanctum, minmay_pentomino_r2
D:2:      layout_basic, serial_shops, shop, uniq_robin, uniq_terence

Action                   || total
-------------------------++-------
Melee: Unarmed           ||     9
       Constrict         ||     9
       Tentacles         ||     2
       Dagger            ||     5
       Short sword       ||     9
 Cast: Foxfire           ||    34
       Conjure Flame     ||     1
       Inner Flame       ||     1
  Use: Scroll            ||     3
       Potion            ||     2
 Stab: Sleeping          ||     3
Armor: Skin              ||     2
Dodge: Dodged            ||    21

Table legend: (Time is in decaauts)
 A = Elapsed time spent in this place.
 B = Non-inter-level travel time spent in this place.
 C = Inter-level travel time spent in this place.
 D = Time resting spent in this place.
 E = Time spent auto-exploring this place.
 F = Levels seen in this place.
 G = Mean time per level.
                   A        B        C        D        E       F      G
               +--------+--------+--------+--------+--------+-----+--------+
         Total |   2247 |   2093 |    154 |     21 |   1485 |   2 | 1123.5 |
       Dungeon |   2247 |   2093 |    154 |     21 |   1485 |   2 | 1123.5 |
               +--------+--------+--------+--------+--------+-----+--------+

Top non-repeatable levels by time:
     D:1: 1433 daAuts
     D:2: 813 daAuts
